Map: Torri del crepuscolo

Players

MaxPauer - Winner!

  • Race: Protoss Protoss
  • League: Diamond

Jhyrachy

  • Race: Zerg Zerg
  • League: Gold

VOD

Have the link to the VOD?

Description

Time

  • Played on: April 21, 2016, 2:56 p.m.
  • Length: 7:36
Show
View Real Time Build Order
Export as new Build Order

MaxPauer Protoss - Winner!

Build Orders: Nexus First 

Get SALT Encoding   

  12  0:00  Probe (Chrono Boost)  
  13  0:11  Probe (Chrono Boost)  
  14  0:19  Pylon  
  14  0:22  Probe (Chrono Boost)  
  15  0:37  Probe (Chrono Boost)  
  16  0:47  Probe (Chrono Boost)  
  17  1:05  Nexus  
  17  1:26  Probe (Chrono Boost), Gateway  
  17  1:28  Gateway  
  18  1:38  Probe (Chrono Boost)  
  18  1:49  Probe (Chrono Boost)  
  18  1:51  Assimilator  
  19  1:56  Assimilator  
  19  2:06  Probe (Chrono Boost)  
  20  2:13  Cybernetics Core  
  20  2:16  Probe (Chrono Boost), Zealot (Chrono Boost)  
  20  2:17  Zealot (Chrono Boost)  
  25  2:28  Probe  
  26  2:31  Probe  
  27  2:40  Probe  
  27  2:43  Probe  
  29  2:49  Adept (Chrono Boost)  
  29  2:50  Adept (Chrono Boost), Warp Gate (Chrono Boost)  
  33  2:54  Pylon  
  33  3:01  Probe  
  33  3:02  Probe  
  35  3:10  Twilight Council  
  35  3:14  Gateway  
  35  3:32  Robotics Facility  
  35  3:36  Zealot (Chrono Boost)  
  39  3:42  Probe x2  
  41  4:02  Stalker  
  41  4:06  Stalker  
  41  4:07  Stalker  
  41  4:09  Probe  
  46  4:14  Pylon  
  46  4:15  Pylon  
  46  4:17  Pylon  
  46  4:27  Pylon  
  46  4:29  Pylon  
  46  4:32  Probe, Immortal  
  51  4:53  Stalker x3  
  57  5:09  Gateway  
  57  5:10  Gateway  
  57  5:12  Immortal  
  51  5:29  Probe  
  51  5:31  Probe  
  51  5:40  Probe  
  52  5:43  Probe  
  51  5:50  Probe  
  51  5:55  Probe  
  53  6:02  Immortal (Chrono Boost)  
  57  6:12  Stalker x2  
  57  6:13  Stalker x2  
  63  6:37  Immortal (Chrono Boost)  
  67  6:45  Stalker x4  
  67  6:46  Probe  
  75  6:48  Probe  
  77  6:54  Assimilator  
  77  6:57  Probe  
  77  6:58  Assimilator  
  77  7:00  Probe  
  79  7:02  Pylon  
  79  7:06  Pylon  
  79  7:11  Observer (Chrono Boost)  
  79  7:13  Pylon  
  79  7:14  Pylon  
  80  7:19  Adept x2  
  80  7:20  Adept x2  
Show
View Real Time Build Order
Export as new Build Order

Jhyrachy Zerg 

Build Orders: Pool First 

Get SALT Encoding   

  12  0:01  Drone  
  13  0:08  Drone  
  14  0:18  Overlord  
  14  0:37  Drone x2  
  14  0:38  Drone  
  17  0:49  Drone  
  18  0:54  Spawning Pool  
  17  1:01  Drone  
  18  1:19  Hatchery  
  17  1:43  Extractor, Drone  
  17  1:50  Hatchery  
  16  1:58  Queen  
  16  2:01  Drone x3  
  22  2:18  Overlord  
  22  2:33  Queen  
  24  2:41  Drone, Spine Crawler  
  24  2:52  Spine Crawler  
  24  2:56  Spine Crawler  
  22  3:00  Zergling x8  
  22  3:01  Zergling x2  
  27  3:08  Queen  
  29  3:16  Drone  
  30  3:32  Overlord  
  30  3:35  Drone x2  
  31  4:06  Metabolic Boost  
  31  4:30  Spore Crawler  
  30  4:32  Queen  
  32  4:42  Drone x3  
  32  4:43  Drone x4  
  39  5:25  Zergling x6  
  39  5:26  Zergling x4  
  41  5:32  Spine Crawler  
  41  5:34  Spine Crawler  
  35  5:36  Spine Crawler  
  22  6:19  Evolution Chamber  
  21  6:29  Hatchery  
  20  6:47  Queen  
  20  6:54  Spine Crawler  
  21  7:00  Spine Crawler  
  21  7:01  Spine Crawler  
  19  7:09  Spine Crawler  
Tags
 
Add a new tag
Caveats
  • Supply blocks, unpowered buildings, or Contaminate may cause inaccurate times.
  • Supply counts are checked every 10 seconds.